 Dungeon Crawl Stone Soup version 0.31.0-11-ge490571c62 (webtiles) character file.

Game seed: 18192877903953141290

56 hikkokomori the Trooper (level 3, -2/34 HPs)
             Began as a Deep Elf Chaos Knight on Feb 4, 2024.
             Was a Plaything of Xom.
             Slain by a killer bee (4 damage)
             ... on level 2 of the Dungeon.
             The game lasted 00:05:15 (1476 turns).

hikkokomori the Trooper (Deep Elf Chaos Knight)     Turns: 1476, Time: 00:05:15

Health: -2/34      AC: 21    Str:  9    XL:     3   Next: 71%
Magic:  6/6        EV:  2    Int: 18    God:    Xom [..*...]
Gold:   104        SH:  0    Dex: 14    Spells: 1/4 levels left

rFire   . . .        a - +0 spear (chaos)
rCold   . . .        (no shield)
rNeg    . . .        b - melded +2 leather armour
rPois   +            (helmet currently unavailable)
rElec   .            i - melded +1 cloak
rCorr   .            (gloves currently unavailable)
SInv    .            (boots currently unavailable)
Will    .....        d - amulet of magic regeneration
Stlth   ++           (no ring)
HPRegen 0.25/turn    (no ring)
MPRegen 0.50/turn

%: no passive effects
@: tree-form, attractive
A: stationary, stasis, torment immunity, boosted hp
a: Renounce Religion


You were on level 2 of the Dungeon.
You worshipped Xom.
You were a toy of Xom.
You were a tree.
You visited 1 branch of the dungeon, and saw 2 of its levels.

You collected 104 gold pieces.

Inventory:

Hand Weapons
 a - a +0 spear of chaos (weapon)
Armour
 b - a +2 leather armour (melded)
 i - a +1 cloak (melded)
Jewellery
 d - an amulet of magic regeneration (around neck)
Scrolls
 c - a scroll of butterflies
 h - a scroll of poison {unknown}
 l - a scroll of teleportation {unknown}
Potions
 e - a potion of haste


   Skills:
 + Level 3.1 Fighting
 - Level 2.1 Polearms
 - Level 1.0 Armour
 - Level 2.4 Dodging
 - Level 2.0 Stealth
 - Level 1.2 Spellcasting
 + Level 1.2 Ice Magic


You had one spell level left.
You knew the following spells:

 Your Spells              Type           Power      Damage    Failure   Level
a - Ozocubu's Armour      Ice            5%         N/A       34%         3

Your spell library contained the following spells:

 Spells                   Type           Power      Damage    Failure   Level
 Metabolic Englaciation   Hex/Ice        1%         N/A       99%         5
 Sculpt Simulacrum        Ice/Alch       1%         N/A       100%        6


Dungeon Overview and Level Annotations

Branches:
Dungeon (2/15)

Altars:

Shops:
D:1 ?

Annotations:
D:2 Sigmund


Message History

The killer bee stings you.
* * * LOW HITPOINT WARNING * * *
The killer bee stings you but does no damage.
Reach: a) +0 spear (chaos)
Press: ? - help, Dir - move target, f/p - killer bee
Aim: a killer bee (moderately wounded, about 64% to evade your +0 spear of chaos)
You miss the killer bee.
The killer bee is moderately wounded.
The killer bee stings you.
* * * LOW HITPOINT WARNING * * *
The killer bee stings you but does no damage.
Reach: a) +0 spear (chaos)
Press: ? - help, Dir - move target, f/p - killer bee
Aim: a killer bee (moderately wounded, about 64% to evade your +0 spear of chaos)
You miss the killer bee.
The killer bee is moderately wounded.
The ground is no longer liquid beneath you.
The killer bee stings you.
* * * LOW HITPOINT WARNING * * *
The killer bee stings you but does no damage.
It was a potion of attraction.
You feel attractive to monsters.
The killer bee stings you but does no damage. x2
Reach: a) +0 spear (chaos)
Press: ? - help, Dir - move target, f/p - killer bee
Aim: a killer bee (moderately wounded, about 64% to evade your +0 spear of chaos)
You closely miss the killer bee.
The killer bee is moderately wounded.
The killer bee stings you but does no damage.
The killer bee stings you.
* * * LOW HITPOINT WARNING * * *
Reach: a) +0 spear (chaos)
Press: ? - help, Dir - move target, f/p - killer bee
Aim: a killer bee (moderately wounded, about 64% to evade your +0 spear of chaos)
You hit the killer bee.
The killer bee is moderately wounded.
The killer bee stings you but does no damage.
The killer bee stings you.
You die...
Xom roars with laughter!

#.# #####.# #.#
#.# ### ..#
#.##.# #
#.###.##.## #.
#..........
#..###y##...#.#
#(....♣#......#
#.............#
##.#.#.#......#
#..........#.####
###.............#
######.###.##.#
#.# #>...# #.#
####.# #.# #.#


You could see a killer bee.

Vanquished Creatures
  An adder (D:2)
  5 endoplasms
  2 giant cockroaches (D:1)
  6 goblins
  3 hobgoblins (D:1)
  5 jackals (D:1)
  2 quokkas
  4 ball pythons
  2 bats (D:1)
  6 frilled lizards
  5 kobolds
  3 rats
44 creatures vanquished.

Notes
Turn   | Place    | Note
-------+----------+-------------------------------------------
     0 | D:1      | hikkokomori the Deep Elf Chaos Knight began the quest for
                  | the Orb.
     0 | D:1      | Reached XP level 1. HP: 13/13 MP: 3/3
    23 | D:1      | Reached skill level 1 in Armour
    39 | D:1      | Reached skill level 1 in Spellcasting
    99 | D:1      | Reached skill level 1 in Stealth
   111 | D:1      | Reached XP level 2. HP: 18/18 MP: 5/5
   191 | D:1      | Found Ufaod's Magic Scroll Shoppe.
   337 | D:1      | XOM: divination: detect items
   653 | D:1      | Reached XP level 3. HP: 22/22 MP: 6/6
   657 | D:1      | Learned a level 3 spell: Ozocubu's Armour
   829 | D:1      | Reached skill level 3 in Fighting
   991 | D:2      | Noticed Sigmund
  1238 | D:2      | Reached skill level 1 in Ice Magic
  1346 | D:2      | XOM: silly message
  1456 | D:2      | a ribbon worm changed into a killer bee
  1456 | D:2      | Noticed a killer bee
  1456 | D:2      | XOM: cast spell 'Leda's Liquefaction'
  1475 | D:2      | HP: 1/34 [killer bee (1)]
  1476 | D:2      | Slain by a killer bee

Illustrated notes

Levels and vault maps discovered:
D:1:      heliophobic_arrival_enchanted_forest, layout_basic, serial_shops,
          nicolae_shop_trees
D:2:      layout_loops_ring, uniq_sigmund

Skill      XL: |  1  2  3 |
---------------+----------+-----
Armour         | 1 |  1.0
Spellcasting   | 1 |  1.2
Stealth        | 1 2 |  2.0
Fighting       | 3 |  3.1
Ice Magic      | 1 |  1.2
Polearms       | |  2.1
Dodging        | |  2.4

Action                     || total
---------------------------++-------
  Melee: Spear             ||   184
         Punch             ||     3
    Use: Scroll            ||     3
         Potion            ||     3
   Stab: Sleeping          ||     6
 Armour: Leather armour    ||    61
         Skin              ||    21
  Dodge: Dodged            ||    85
